 Dungeon Crawl Stone Soup version 0.27-a0-1196-g3e9cee4cb2 (webtiles) character file.

Game seed: 7829203602821455233

149442 rjrrt the Executioner (level 16, -4/129 HPs)
             Began as a Minotaur Berserker on May 28, 2021.
             Was a High Priest of Trog.
             Killed by the air
             ... invoked by a spriggan air mage
              (17 damage)
             ... on level 4 of the Swamp.
             The game lasted 01:00:34 (38497 turns).

rjrrt the Executioner (Minotaur Berserker)         Turns: 38497, Time: 01:00:35

Health: -4/129     AC: 35    Str: 28    XL:     16   Next: 66%
Magic:  15/15      EV: 10    Int:  4    God:    Trog [*****.]
Gold:   2280       SH:  0    Dex: 11    Spells: 15/15 levels left

rFire    + . .     SeeInvis +   a - +2 battleaxe (flame)
rCold    + . .     Faith    +   (shield currently unavailable)
rNeg     . . .     Spirit   .   F - +5 gold dragon scales
rPois    +         Reflect  .   (helmet restricted)
rElec    .         Harm     .   s - +2 cloak {rPois}
rCorr    +         Rampage  .   M - +1 pair of gloves
Will     ++...                  G - +2 pair of boots
Stlth    ..........             P - amulet "Egherut" {Faith rPois SInv}
HPRegen  0.31/turn              d - ring of resist corrosion
MPRegen  0.14/turn              r - ring of willpower

@: no status effects
A: horns 2, retaliatory headbutt, frail 1, evolution 1
}: 1/15 runes: decaying
a: Renounce Religion, Berserk, Trog's Hand, Brothers in Arms


You were on level 4 of the Swamp.
You worshipped Trog.
Trog was extremely pleased with you.
You visited 4 branches of the dungeon, and saw 27 of its levels.
You visited the Abyss 1 time.
You also visited: Ossuary and Bailey.

You collected 3396 gold pieces.
You spent 1116 gold pieces at shops.

Inventory:

Hand Weapons
 a - a +2 battleaxe of flaming (weapon)
 b - a +3 demon trident of electrocution
 f - a +2 executioner's axe of flaming
 m - a +0 antimagic battleaxe
 L - the +10 whip of Duty {freeze, Int+3 SInv}
   (You found it on level 13 of the Dungeon)

   It has been specially enchanted to freeze those struck by it, causing extra
   injury to most foes and up to half again as much damage against particularly
   susceptible opponents.
   It can also slow down cold-blooded creatures.
   It affects your intelligence (+3).
   It lets you see invisible.
 T - a +2 antimagic battleaxe
Missiles
 g - 9 curare-tipped darts
 h - 7 atropa-tipped darts
 j - 18 javelins
 t - 30 boomerangs (quivered)
 C - 11 boomerangs of dispersal
 J - 7 silver javelins
 R - 2 throwing nets
Armour
 s - a +2 cloak of poison resistance (worn)
 F - +5 gold dragon scales (worn)
 G - a +2 pair of boots (worn)
 M - a +1 pair of gloves (worn)
Jewellery
 d - a ring of resist corrosion (left hand)
 r - a ring of willpower (right hand)
 P - the amulet "Egherut" (around neck) {Faith rPois SInv}
   (You bought it in a shop on level 2 of the Orcish Mines)

   [amulet of faith]

   It allows you to gain divine favour quickly.
   It protects you from poison.
   It lets you see invisible.
Wands
 l - a wand of flame (74)
 q - a wand of mindburst (13)
 D - a wand of iceblast (12)
 E - a wand of polymorph (22)
 Q - a wand of digging (6)
Scrolls
 k - a scroll of enchant weapon
 u - 7 scrolls of magic mapping
 x - 4 scrolls of silence
 y - 4 scrolls of blinking
 A - 5 scrolls of fear
 H - 8 scrolls of identify
 I - 15 scrolls of teleportation
 K - 4 scrolls of fog
Potions
 c - 5 potions of might
 i - 5 potions of resistance
 o - 2 potions of mutation
 p - 5 potions of flight
 v - 2 potions of invisibility
 w - 7 potions of curing
 z - 4 potions of attraction
 B - 2 potions of lignification
 N - a potion of haste
 O - 4 potions of ambrosia
 S - a potion of cancellation {unknown}
Miscellaneous
 e - a phantom mirror


   Skills:
 + Level 13.6 Fighting
 + Level 22.3 Axes
 - Level 8.0 Throwing
 * Level 15.7 Armour
 + Level 12.4 Dodging
 - Level 4.0 Evocations


You had 15 spell levels left.
You didn't know any spells.
Your spell library was empty.

Dungeon Overview and Level Annotations

Branches:
Dungeon (15/15)            Temple (0/1) D:6            Lair (6/6) D:9
  Swamp (4/4) Lair:3       Spider (0/4) Lair:3        Slime (0/5) Lair:5
    Orc (2/2) D:10            Elf (0/3) Orc:2        Vaults (0/5) D:13
 Depths (0/5) D:15        Ossuary (visited)          Bailey (visited)

Altars:
Gozag
Kikubaaqudgha
Nemelex Xobeh
Okawaru
Sif Muna
Vehumet
Yredelemnul
Beogh
Lugonu

Shops:
D:2 :   D:10 *   D:12 ([=[   Orc:1 (   Orc:2 !=:(

Portals:
Abyss: Lair:1
Trove: D:10 (show slimy rune of Zot)

Annotations:
Lair:5 exclusion: 2 oklob plants


Innate Abilities, Weirdness & Mutations

You have a pair of horns on your head.
You reflexively headbutt those who attack you in melee.
You are frail. (-10% HP)
You evolve.


Message History

Your deep troll misses the spriggan rider.
Your deep troll closely misses the spriggan rider.
Your deep troll claws the spriggan rider!!
The spriggan dies!
Trog accepts your kill.
A hellwing comes into view.
The fenstrider witch points at you and mumbles some strange words.
The toxic sludge hits you.
You are lethally poisoned!
You partially resist.
* * * LOW HITPOINT WARNING * * *
Unknown command.
Unknown command.
Blink to where?
Press: ? - help, Dir - move target
As you read the scroll of blinking, it crumbles to dust.
* * * LOW HITPOINT WARNING * * *
You feel very sick.
Your deep troll bites the hornet.
Your deep troll barely misses the hornet.
Your deep troll claws the hornet.
The hornet dies!
Trog accepts your kill.
A tyrant leech comes into view.
Your deep troll bites the fenstrider witch!!
Your deep troll barely misses the fenstrider witch.
Your deep troll closely misses the fenstrider witch.
Unknown command.
You feel better.
The fenstrider witch hits your deep troll!
The fenstrider witch kicks your deep troll but does no damage.
Your deep troll closely misses the fenstrider witch.
Your deep troll claws the fenstrider witch!!
Your deep troll claws the fenstrider witch!
The fenstrider witch dies!
Trog accepts your kill.
Trog appreciates your killing of a magic user.
The spriggan air mage waves its arms in wide circles.
The air twists around and strikes you!
You die...

.≈≈≈.. ≈...≈.
....≈..≈≈≈≈.... §.≈≈..
≈.....w....≈... ########
≈...≈.≈.≈..≈... ≈≈.♣.≈≈##
...≈≈..≈.≈...≈
≈≈♣♣♣≈≈≈♣###.....≈≈..≈≈≈.
...♣§≈≈)≈≈≈##.≈.≈.≈≈..≈.≈
)≈≈♣≈≈≈.≈##.##..≈≈..≈≈.≈D
♣≈≈♣≈.♣##∩#≈.##≈@≈......≈3
#.≈♣≈≈##≈#≈..♣#...........
##♣≈♣##..#≈≈[≈##....≈≈≈§≈.
.##♣##.≈##...)♣#..R.≈...≈.
≈.♣#♣≈≈≈#♣.≈≈≈≈#Ti......≈≈
♣≈≈≈≈≈♣##§≈≈.≈≈§#[...≈...≈
#≈.§≈≈##.≈≈≈≈..≈#.........
♣≈≈..≈♣##≈≈≈.≈.≈#.§.§≈≈.≈.
♣..8≈≈♣####♣≈≈≈§#≈........


You could see an eleionoma, a tyrant leech, a spriggan air mage (repels
missiles) and a friendly deep troll (summoned, berserk).

Vanquished Creatures
  A tentacled starspawn (Abyss:2)
  A thorn hunter (Swamp:2)
  Donald (Orc:2)
  3 fenstrider witches (Swamp:4)
  A ghoul (Swamp:1)
  3 bunyips
  An eleionoma (shapeshifter) (D:13)
  5 eleionomae
  A green death (Swamp:4)
  A blizzard demon (Swamp:4)
  A yaktaur captain (D:13)
  A fire dragon (D:15)
  12 hydras
  3 boulder beetles (D:15)
  5 ghost crabs
  2 catoblepae (Lair:6)
  5 centaur warriors
  An ice dragon (D:15)
  6 ogre magi
  4 death yaks (Lair:6)
  9 two-headed ogres
  2 dancing weapons (D:13)
  A tengu warrior (D:11)
  10 alligators
  A death knight (D:13)
  A thrashing horror (Abyss:2)
  A sixfirhy (Swamp:4)
  6 goliath frogs
  2 spriggan druids (Swamp:4)
  6 swamp dragons
  A bog body (Swamp:1)
  A wizard (Swamp:4)
  A harpy (shapeshifter) (D:14)
  A phantasmal warrior (D:13)
  8 orc sorcerers
  3 orc knights
  A deep elf zephyrmancer (Swamp:4)
  A shadow dragon skeleton (Abyss:2)
  7 ugly things
  A deep elf pyromancer (D:13)
  2 manticores
  2 will-o-the-wisps
  9 cyclopes
  8 slime creatures
  Maurice (Orc:2)
  3 centaur zombies
  A rust devil (Abyss:2)
  An orange demon (Abyss:2)
  2 black mambas
  14 cane toads
  A hellwing (Swamp:4)
  A rime drake (Lair:3)
  2 freezing wraiths (D:13)
  12 komodo dragons
  2 tengu conjurers (D:15)
  An ancient zyme (Abyss:2)
  A polar bear (Lair:6)
  5 large abominations (Abyss:2)
  A hornet (Swamp:2)
  4 trolls
  A bloated husk (Swamp:4)
  8 tyrant leeches
  20 blink frogs
  A centaur simulacrum (D:15)
  A spriggan (Swamp:2)
  A flying skull (Abyss:2)
  4 wraiths
  6 redbacks
  5 wyverns
  A ynoxinul (Abyss:2)
  37 yaks
  A tarantella (D:15)
  Grum (D:10)
  A basilisk (shapeshifter) (Abyss:2)
  2 shadows
  3 basilisks
  A chaos spawn (Abyss:2)
  17 vampire mosquitoes
  2 steam dragons
  3 neqoxecs
  17 water moccasins
  10 swamp worms
  2 wargs
  4 acid dragons
  11 orc warriors
  3 swamp drakes
  4 ice beasts
  2 black bears
  10 starcursed masses (Abyss:2)
  5 sky beasts
  4 necrophages
  17 wolves
  3 centaurs
  12 ogres
  3 small abominations (Abyss:2)
  A phantom (D:4)
  11 bullfrogs
  A kobold brigand (D:10)
  4 water moccasin zombies
  12 wights
  2 howler monkeys (D:9)
  An electric eel (Orc:1)
  3 bullfrog zombies (D:6)
  3 jellies
  A quasit (Abyss:2)
  A human zombie (D:6)
  16 orc priests
  3 hounds
  A bullfrog skeleton (D:5)
  An iron imp (Abyss:2)
  A centaur skeleton (D:6)
  3 gnoll shamans
  2 iguanas
  30 orc wizards
  5 hell rats
  A hound skeleton (D:5)
  5 mummies
  A howler monkey zombie (D:8)
  5 adders
  13 gnolls
  A howler monkey skeleton (D:5)
  2 river rats (Lair:3)
  A shadow imp (D:6)
  A white imp (D:7)
  4 adder zombies (Ossuary)
  5 dart slugs
  89 orcs
  9 ball pythons
  10 bats
  9 endoplasms
  2 giant cockroaches
  4 gnoll zombies (Ossuary)
  14 goblins
  6 hobgoblins
  14 jackals
  11 kobolds
  3 quokkas
  2 frilled lizards
  4 hobgoblin zombies (Ossuary)
  3 kobold zombies (Ossuary)
  5 orc zombies (Ossuary)
  4 rats
  A lurking horror (Lair:1)
  A starspawn tentacle (Abyss:2)
750 creatures vanquished.

Vanquished Creatures (collateral kills)
  A thorn hunter (Swamp:4)
  A fenstrider witch (Swamp:4)
  Josephine (Orc:1)
  A catoblepas (Lair:6)
  2 alligators
  5 death yaks (Lair:6)
  Urug (Lair:5)
  A deep elf zephyrmancer (Swamp:4)
  An orc sorcerer (Orc:1)
  A manticore (Lair:6)
  A bloated husk (Swamp:4)
  2 hornets (Swamp:4)
  3 spriggans
  3 wraiths (Orc:1)
  3 yaks (Lair:6)
  An orc warrior (Orc:1)
28 creatures vanquished.

Vanquished Creatures (others)
  An alligator (Swamp:1)
  2 will-o-the-wisps
  4 bloated husks
  A hornet (Swamp:1)
  A swamp worm (Swamp:1)
  An orc (Orc:1)
  A kobold (D:10)
  A briar patch (Swamp:4)
  18 foxfires
  19 fungi
  24 plants
  4 starspawn tentacles (Abyss:2)
  30 withered plants (Swamp:1)
107 creatures vanquished.

Grand Total: 885 creatures vanquished

Notes
Turn   | Place    | Note
-------+----------+-------------------------------------------
     0 | D:1      | rjrrt the Minotaur Berserker began the quest for the Orb.
     0 | D:1      | Reached XP level 1. HP: 19/19 MP: 0/0
    82 | D:1      | Reached skill level 4 in Axes
   205 | D:1      | Reached XP level 2. HP: 22/26 MP: 1/1
   756 | D:1      | Reached skill level 5 in Axes
  1110 | D:2      | Reached XP level 3. HP: 26/31 MP: 2/2
  1172 | D:2      | Found Bag Biyg's Book Shop.
  1193 | D:2      | Reached ** piety under Trog
  1756 | D:2      | Reached skill level 6 in Axes
  1756 | D:2      | Reached XP level 4. HP: 33/39 MP: 3/3
  2524 | D:3      | Found a faded altar of an unknown god.
  2534 | D:3      | Reached *** piety under Trog
  2537 | D:3      | Reached XP level 5. HP: 33/45 MP: 4/4
  2636 | D:3      | Reached skill level 7 in Axes
  2844 | D:3      | Reached skill level 8 in Axes
  3079 | D:4      | Found a sand-covered staircase.
  3087 | Ossuary  | Entered an ossuary
  3107 | Ossuary  | Reached XP level 6. HP: 40/51 MP: 5/5
  3442 | Ossuary  | Reached skill level 9 in Axes
  3449 | Ossuary  | Reached **** piety under Trog
  3894 | D:4      | Reached XP level 7. HP: 57/57 MP: 6/6
  3994 | D:4      | Reached skill level 10 in Axes
  4894 | D:5      | Entered Level 5 of the Dungeon
  4929 | D:5      | Reached XP level 8. HP: 36/66 MP: 7/7
  5250 | D:5      | Reached skill level 11 in Axes
  5851 | D:5      | Reached skill level 5 in Fighting
  6394 | D:6      | Reached ***** piety under Trog
  6788 | D:6      | Reached skill level 12 in Axes
  6788 | D:6      | Reached XP level 9. HP: 69/75 MP: 8/8
  6818 | D:6      | Reached skill level 5 in Armour
  6868 | D:6      | Found a basalt altar of Yredelemnul.
  7058 | D:6      | Found a staircase to the Ecumenical Temple.
  7310 | D:6      | Reached skill level 5 in Dodging
  7525 | D:6      | Identified a scroll of acquirement
  7525 | D:6      | Acquired the amulet "Komoq" {Acrobat rPois Str+2}
  8285 | D:8      | Reached skill level 13 in Axes
  8472 | D:8      | Found a shimmering blue altar of Sif Muna.
  8858 | D:8      | Reached XP level 10. HP: 86/86 MP: 9/9
  8959 | D:9      | Noticed a cyclops
  8967 | D:9      | Killed a cyclops
  8968 | D:9      | Reached skill level 1 in Throwing
  9131 | D:9      | Noticed a two-headed ogre
  9145 | D:9      | Killed a two-headed ogre
  9754 | D:9      | Reached skill level 14 in Axes
 10070 | D:9      | Found a staircase to the Lair.
 10523 | Lair:1   | Entered Level 1 of the Lair of Beasts
 10526 | Lair:1   | Found a one-way gate to the infinite horrors of the Abyss.
 10536 | Lair:1   | Found a corrupted altar of Lugonu.
 10826 | Lair:1   | Noticed a seven-headed hydra
 10836 | Lair:1   | Killed a seven-headed hydra
 10964 | Lair:1   | Reached XP level 11. HP: 82/95 MP: 10/10
 10969 | Lair:1   | Reached ****** piety under Trog
 10970 | Lair:1   | Identified the +4 executioner's axe of Trog's Approval
                  | {vorpal, Drain Will- Dex+5} (Trog gifted it to you on level
                  | 1 of the Lair of Beasts)
 10970 | Lair:1   | Received a gift from Trog
 12769 | Lair:3   | Reached skill level 15 in Axes
 13282 | Lair:3   | Acquired 641 gold pieces
 13674 | Lair:3   | Found a hole to the Spider Nest.
 13830 | Lair:3   | Found a staircase to the Swamp.
 13974 | Lair:3   | Reached XP level 12. HP: 84/106 MP: 11/11
 14074 | Lair:3   | Reached skill level 10 in Fighting
 14390 | Lair:3   | Identified the +1 ring mail of a wizard's laboratory
                  | {rPois}
 14699 | Lair:4   | Reached skill level 16 in Axes
 14926 | Lair:4   | Received a gift from Trog
 14935 | Lair:4   | Reached skill level 10 in Armour
 15616 | Lair:4   | Noticed a four-headed hydra
 15622 | Lair:4   | Killed a one-headed hydra
 15623 | Lair:4   | Reached skill level 17 in Axes
 16244 | Lair:5   | Noticed Urug
 16248 | Lair:5   | Killed Urug
 16326 | Lair:5   | Identified the +0 scale mail of Vampiric Thralls {rElec
                  | Regen+}
 16619 | Lair:5   | Found a staircase to the Slime Pits.
 17073 | Lair:6   | Entered Level 6 of the Lair of Beasts
 17073 | Lair:6   | Noticed a seven-headed hydra
 17077 | Lair:6   | Killed a four-headed hydra
 17373 | Lair:6   | Reached skill level 18 in Axes
 18168 | Lair:6   | Noticed a catoblepas
 18184 | Lair:6   | Killed a catoblepas
 18252 | Lair:6   | Reached XP level 13. HP: 113/113 MP: 12/12
 18300 | Lair:6   | Reached skill level 19 in Axes
 18742 | Lair:6   | Received a gift from Trog
 19523 | Lair:6   | Reached skill level 20 in Axes
 19603 | Lair:6   | Identified the +8 shortbow of Famaraz {vorpal, Fly Str+4
                  | Stlth-}
 19944 | D:10     | Entered Level 10 of the Dungeon
 20088 | D:10     | Noticed Grum
 20103 | D:10     | Killed Grum
 20136 | D:10     | Found Ydutejor's Demolitions Depot.
 20191 | D:10     | Found a sparkling altar of Nemelex Xobeh.
 20849 | D:10     | Found a portal to a secret trove of treasure.
 21278 | D:10     | Found an opulent altar of Gozag.
 21315 | D:10     | Found a staircase to the Orcish Mines.
 22102 | Orc:1    | Entered Level 1 of the Orcish Mines
 22161 | D:11     | Noticed Sonja
 22163 | D:11     | Noticed Sonja
 22163 | D:11     | Sonja changed into Sonja the ice beast
 22167 | D:11     | Killed Sonja the ice beast
 22336 | D:11     | Found a flagged portal.
 22354 | Bailey   | Entered a bailey
 22879 | Bailey   | Identified the +0 helmet of Jigsaw {rC+ rN+ Dex+3 Stlth+}
 23208 | D:11     | Reached skill level 21 in Axes
 23836 | D:12     | Received a gift from Trog
 23953 | D:12     | Found Idun's Antique Weapon Shop.
 23998 | D:12     | Reached XP level 14. HP: 97/122 MP: 13/13
 24090 | D:12     | Found Piachur's Antique Armour Emporium.
 24098 | D:12     | Bought a pair of runed boots for 285 gold pieces
 24132 | D:12     | Found Yxeik's Jewellery Boutique.
 24160 | D:12     | Found Qejeav's Armour Shoppe.
 25016 | D:13     | Found a gate to the Vaults.
 25504 | D:13     | Identified the +10 whip of Duty {freeze, Int+3 SInv}
 25595 | D:13     | Identified the +3 scale mail of Kypouwk {Int+2}
 25661 | D:13     | Reached skill level 10 in Dodging
 25842 | D:13     | Noticed a quicksilver ooze
 25843 | D:13     | a quicksilver ooze changed into a catoblepas
 25851 | D:13     | Noticed a stone giant
 25851 | D:13     | an iron troll changed into a stone giant
 25852 | D:13     | Noticed a frost giant
 25852 | D:13     | a stone giant changed into a frost giant
 25855 | D:13     | a frost giant changed into a dire elephant
 25859 | D:13     | Noticed a fenstrider witch
 25859 | D:13     | a dire elephant changed into a fenstrider witch
 25865 | D:13     | a fenstrider witch changed into an eleionoma
 25869 | D:13     | Reached skill level 5 in Throwing
 26748 | D:14     | Found an iron altar of Okawaru.
 26818 | D:14     | You fall into a shaft and drop 1 floor!
 26818 | D:15     | Entered Level 15 of the Dungeon
 27376 | D:15     | Found an opulent altar of Gozag.
 28133 | D:15     | Found a staircase to the Depths.
 28633 | Orc:1    | Reached XP level 15. HP: 132/132 MP: 14/14
 28915 | Orc:1    | Noticed Josephine
 28922 | Orc:1    | Paralysed by an orc sorcerer for 6 turns
 28928 | Orc:1    | Killed Josephine
 29081 | Orc:1    | Found Qeop's Antique Weapon Shoppe.
 29321 | Orc:2    | Entered Level 2 of the Orcish Mines
 29361 | Orc:2    | Noticed Donald
 29384 | Orc:2    | Killed Donald
 29776 | Orc:2    | Noticed Maurice
 29785 | Orc:2    | Killed Maurice
 29830 | Orc:2    | Found a staircase to the Elven Halls.
 30289 | Orc:2    | Found Iceass's Antique Weapon Shop.
 30297 | Orc:2    | Received a gift from Trog
 30327 | Orc:2    | Found Qelim's Distillery.
 30432 | Orc:2    | Found a radiant altar of Vehumet.
 30444 | Orc:2    | Reached skill level 1 in Evocations
 30463 | Orc:2    | Found Suulif's Book Shop.
 30482 | Orc:2    | Found an ancient bone altar of Kikubaaqudgha.
 30912 | Orc:2    | Found Jial Bunk's Jewellery Shop.
 30952 | Orc:2    | Bought the amulet "Egherut" {Faith rPois SInv} for 831 gold
                  | pieces
 31273 | Swamp:1  | Entered Level 1 of the Swamp
 31661 | Swamp:1  | HP: 6/129 [alligator (3)]
 33349 | Swamp:2  | Identified the +5 ring mail "Qigin" {Int+3}
 33369 | Swamp:2  | Noticed a thorn hunter
 33377 | Swamp:2  | Killed a thorn hunter
 34472 | Swamp:3  | Reached skill level 22 in Axes
 35420 | Swamp:4  | Entered Level 4 of the Swamp
 35484 | Swamp:4  | Reached XP level 16. HP: 44/131 MP: 15/15
 36772 | Swamp:4  | Cast into level 2 of the Abyss (a wizard)
 36790 | Abyss:2  | Received a gift from Trog
 36881 | Abyss:2  | Found a corrupted altar of Lugonu.
 37003 | Abyss:2  | Gained mutation: You are frail. (-10% HP) [a neqoxec]
 37103 | Abyss:2  | Paralysed by accursed screaming for 1 turns
 37140 | Abyss:2  | Noticed a tentacled starspawn
 37152 | Abyss:2  | Killed a tentacled starspawn
 37153 | Abyss:2  | Reached skill level 15 in Armour
 37287 | Swamp:4  | Escaped the Abyss
 37624 | Swamp:4  | Paralysed by a fenstrider witch for 6 turns
 37630 | Swamp:4  | HP: 3/129 [fenstrider witch (10)]
 37789 | Swamp:4  | Received a gift from Trog
 37951 | Swamp:4  | Got a decaying rune of Zot
 38038 | Swamp:4  | Gained mutation: You evolve. [a neqoxec]
 38077 | Swamp:4  | Noticed a thorn hunter
 38089 | Swamp:4  | Killed a thorn hunter
 38102 | Swamp:4  | HP: 2/129 [deep elf zephyrmancer/bolt of lightning (9)]
 38494 | Swamp:4  | HP: 4/129 [fenstrider witch (6)]
 38497 | Swamp:4  | Killed from afar by a spriggan air mage

Illustrated notes

Levels and vault maps discovered:
D:1:      dpeg_arrival_simpleton_b, layout_basic, serial_glass, glass_columns_a,
          glass_columns_b, glass_columns_b, glass_columns_c, glass_columns_b,
          glass_columns_c
D:2:      kb_forest_paths, layout_loops_ring, serial_shops, shop,
          minmay_heptomino_w4
D:3:      layout_basic, ebering_ecumenical_altar_hall
D:4:      layout_loops_cross, nicolae_ossuary_entry_plus, amethyst_killhole
D:5:      layout_basic, st_stairs_9
D:6:      layout_cave_pools, lemuel_mausoleum_altar_yredelemnul,
          minmay_temple_entry_proselytizer
D:7:      layout_cave_pools, serial_glass, glass_columns_a, glass_columns_a
D:8:      layout_loops_ring, kennysheep_little_box
D:9:      layout_irregular_city, erik_lair_dragon,
          hangedman_decor_diamond_cutter
D:10:     layout_grid_maze, old_standard_altar, amcnicky_altar_gilded,
          orc_0_dummy, trove_entry_hex_spiral, nicolae_blasting_shop, uniq_grum
D:11:     layout_irregular_city, enter_bailey_5, uniq_sonja
D:12:     layout_basic, serial_shops, nicolae_shop_crystal,
          kennysheep_mini_moat, kennysheep_mini, nicolae_shop_statue_plus
D:13:     minmay_outward_triangles, layout_cave_pools, erik_vaults_1
D:14:     layout_layer_cave, lemuel_doored_altar
D:15:     grunt_enter_depths_hoard, layout_basic, basic_altar,
          minmay_statues_item
Lair:1:   layout_chaotic_city, amcnicky_altar_lugonu_corruption,
          lemuel_fruit_fields
Lair:2:   layout_cave_pods
Lair:3:   layout_regular_city, swamp_mist, spider_nest_entry_a, pond,
          grunt_megastairs_3, infiniplex_staircase_pool
Lair:4:   layout_roguey, chequers_serial_rivers_small_3, grunt_megastairs_5,
          serial_bayou_shore_b
Lair:5:   layout_roguey, minmay_slime_entry_oklob_enclosed, uniq_urug
Lair:6:   evilmike_catoblepas_cave, layout_hall_layers, grunt_megastairs_2
Swamp:1:  layout_basic_swamp, nicolae_swamp_bean_lake, st_shrine_of_shade
Swamp:2:  nicolae_swamp_ascending_descending, layout_basic_swamp,
          evilmike_swamp_ruin_rubble_2, swamp_pool1, infiniplex_staircase_pool_2
Swamp:3:  layout_basic_swamp, nicolae_swamp_very_dense_foliage
Swamp:4:  nzn_swamp_witches_coven, layout_basic_swamp
Orc:1:    layout_caves, serial_shops, nicolae_shop_stone, basic_altar,
          nicolae_orc_flooded_monolith, uniq_josephine
Orc:2:    kennysheep_orc_mage_school, layout_caves, uniq_donald, uniq_maurice

Skill      XL: |  1  2  3  4  5  6  7  8  9 10 11 12 13 14 15 16 |
---------------+-------------------------------------------------+-----
Axes           | 4 5 6 8 9 10 12 13 14 15 18 21 22 | 22.3
Fighting       | 4 5 7 8 9 10 11 12 13 | 13.6
Armour         | 3 4 6 8 9 10 12 14 15 | 15.7
Dodging        | 4 6 7 8 9 10 11 12 | 12.4
Throwing       | 3 4 6 7 8 |  8.0
Evocations     | 3 4 |  4.0

Action                   |  1- 3 |  4- 6 |  7- 9 | 10-12 | 13-15 | 16-18 || total
-------------------------+-------+-------+-------+-------+-------+-------++-------
Melee: Hand axe          |    95 |   150 |   123 |       |       |       ||   368
       Headbutt          |    19 |    24 |    67 |   123 |   224 |    66 ||   523
       War axe           |       |       |   204 |   505 |    42 |       ||   751
       Whip              |       |       |       |     4 |       |       ||     4
       Executioner's axe |       |       |       |    28 |     7 |       ||    35
       Battleaxe         |       |       |       |       |   899 |   256 ||  1155
       Demon trident     |       |       |       |       |    42 |       ||    42
Throw: Dart              |       |       |     5 |       |       |       ||     5
       Boomerang         |       |       |       |     4 |     3 |       ||     7
Invok: Berserk           |       |     1 |     3 |     5 |     9 |     2 ||    20
       Brothers in Arms  |       |       |       |     1 |     7 |     3 ||    11
       Trog's Hand       |       |       |       |       |     6 |     3 ||     9
Evoke: Wand              |       |       |       |       |     4 |       ||     4
  Use: Scroll            |       |       |    22 |     4 |    12 |     2 ||    40
       Potion            |       |       |       |       |     1 |     9 ||    10
 Stab: Distracted        |       |       |       |       |       |     1 ||     1
Armor: Animal skin       |     3 |       |       |       |       |       ||     3
       Leather armour    |    25 |    21 |       |       |       |       ||    46
       Ring mail         |       |    24 |     5 |       |       |       ||    29
       Plate armour      |       |       |   145 |   230 |    71 |       ||   446
       Gold dragon scale |       |       |       |       |   571 |   195 ||   766
Dodge: Dodged            |    61 |    80 |   105 |   288 |   434 |    88 ||  1056

Table legend: (Time is in decaauts)
 A = Elapsed time spent in this place.
 B = Non-inter-level travel time spent in this place.
 C = Inter-level travel time spent in this place.
 D = Time resting spent in this place.
 E = Time spent auto-exploring this place.
 F = Levels seen in this place.
 G = Mean time per level.
                   A        B        C        D        E       F      G
               +--------+--------+--------+--------+--------+-----+--------+
         Total |  38425 |  36974 |   1451 |  10308 |  19973 |  30 | 1280.8 |
       Dungeon |  18081 |  17164 |    917 |   2189 |  12589 |  15 | 1205.4 |
          Lair |   9998 |   9632 |    366 |   3251 |   4807 |   6 | 1666.3 |
         Swamp |   6265 |   6176 |     89 |   3255 |   1824 |   4 | 1566.2 |
  Orcish Mines |   2425 |   2346 |     79 |    861 |    686 |   2 | 1212.5 |
         Abyss |    483 |    483 |      0 |    107 |      0 |   1 |  483.0 |
       Ossuary |    514 |    514 |      0 |    367 |      0 |   1 |  514.0 |
        Bailey |    655 |    655 |      0 |    277 |     67 |   1 |  655.0 |
               +--------+--------+--------+--------+--------+-----+--------+

Top non-repeatable levels by time:
    D:10: 2493 daAuts
  Lair:3: 2228 daAuts
  Lair:6: 2162 daAuts
 Swamp:3: 2051 daAuts
 Swamp:4: 1903 daAuts
    D:13: 1899 daAuts
     D:9: 1710 daAuts
  Lair:5: 1596 daAuts
  Lair:2: 1518 daAuts
   Orc:2: 1444 daAuts
     D:5: 1416 daAuts
    D:15: 1396 daAuts
  Lair:4: 1374 daAuts
     D:6: 1225 daAuts
     D:3: 1213 daAuts
